 Dungeon Crawl Stone Soup version 0.24.0-123-gd5b16e6ec5 (webtiles) character file.

Game seed: 13107176532877731023, levelgen mode: deterministic

147 mortelune the Skirmisher (level 5, -1/42 HPs)
             Began as a Formicid Abyssal Knight on Dec 21, 2019.
             Was a Believer of Lugonu.
             Slain by an ogre
             ... wielding a +0 giant spiked club
              (11 damage)
             ... on level 5 of the Dungeon.
             The game lasted 00:05:53 (3743 turns).

mortelune the Skirmisher (Formicid Abyssal Knight)  Turns: 3743, Time: 00:05:53

Health: -1/42      AC:  9    Str: 18    XL:     5   Next: 54%
Magic:  6/6        EV:  7    Int: 11    God:    Lugonu [**....]
Gold:   204        SH:  0    Dex: 10    Spells: 4/4 levels left

rFire    . . .     SeeInvis +   a - +1 falchion
rCold    . . .     Gourm    .   (no shield)
rNeg     . . .     Faith    .   s - +0 chain mail
rPois    .         Spirit   .   (helmet unavailable)
rElec    .         Reflect  .   (no cloak)
rCorr    .         Harm     .   (no gloves)
MR       .....                  (no boots)
Stlth    ..........             (no amulet)
HPRegen  0.14/turn              (no ring)
MPRegen  0.10/turn              (no ring)

@: flying
A: permanent stasis, dig shafts and tunnels, four strong arms, antennae 3
a: Dig, Shaft Self, Depart the Abyss, Bend Space, Renounce Religion


You were on level 5 of the Dungeon.
You worshipped Lugonu.
Lugonu was pleased with you.
You were hungry.

You visited 1 branch of the dungeon, and saw 5 of its levels.
You visited the Abyss 1 time.

You collected 204 gold pieces.

Inventory:

Hand Weapons
 a - a +1 falchion (weapon)
Armour
 b - a +0 leather armour
 f - a +0 ring mail
 p - a +0 scale mail
 s - a +0 chain mail (worn)
Jewellery
 l - an uncursed amulet of the gourmand {unknown}
Scrolls
 d - 2 scrolls of identify {unknown}
 g - a scroll of remove curse {unknown}
 j - a scroll of random uselessness {unknown}
 m - a scroll of enchant weapon {unknown}
 n - a scroll of magic mapping {unknown}
 r - a scroll of fear {unknown}
Potions
 e - 2 potions of flight
 h - a potion of curing {unknown}
 i - 2 potions of heal wounds {unknown}
 k - a potion of haste {unknown}
 q - a potion of ambrosia {unknown}
Comestibles
 c - 5 rations


   Skills:
 + Level 4.2 Fighting
 * Level 4.0 Long Blades
 + Level 3.3 Armour
 - Level 0.8 Dodging
 - Level 2.1 Invocations


You had 4 spell levels left.
You didn't know any spells.
Your spell library was empty.

Dungeon Overview and Level Annotations

Branches:
Dungeon (6/15)
 Temple: D:4-7

Altars:
Dithmenos
Makhleb
Zin


Innate Abilities, Weirdness & Mutations

You cannot be hasted, slowed, berserked, paralysed or teleported.
You can dig through walls and to a lower floor.
Your four strong arms can wield two-handed weapons with a shield.
You have a pair of large antennae on your head. (SInv)


Message History

There is an open door here.
You open the door.
The angel speaks about the importance of the Law.
There is an open door here.
An ogre comes into view. It is wielding a +0 giant spiked club.
You hit the ogre but do no damage. The ogre completely misses you.
You slash the ogre!
The ogre is moderately wounded.
You hit the ogre.
The ogre is heavily wounded.
The ogre hits you with a +0 giant spiked club!
You hit the ogre.
The ogre is severely wounded.
The ogre hits you with a +0 giant spiked club!!
* * * LOW HITPOINT WARNING * * *
It was a potion of flight.
You feel very buoyant.
You fly up into the air.
The ogre hits you with a +0 giant spiked club!
You die...

#.# #.###### #.#
#.# #.# #.# #.# #.#
#.# #.# #.#
#####.##
#......##########
.......#.@O.......#
###.#....########.#
#....#### #.#
...#.. #.# ##...#
#..# ##.# #.## #.
#. #. #.


You could see an ogre.

Vanquished Creatures
  A worker ant (D:2)
  5 adders
  4 dart slugs
  2 leopard geckos
  5 orcs (D:3)
  2 giant cockroaches
  6 hobgoblins
  7 jackals
  6 kobolds
  4 quokkas
  4 bats (D:1)
  4 frilled lizards
  5 goblins
  A leopard gecko skeleton (D:5)
  8 rats
64 creatures vanquished.

Notes
Turn   | Place    | Note
-------+----------+-------------------------------------------
     0 | Abyss:1  | mortelune the Formicid Abyssal Knight began the quest for
                  | the Orb.
     0 | Abyss:1  | Reached XP level 1. HP: 18/18 MP: 2/2
    21 | Abyss:1  | Noticed an ancient zyme
    22 | D:1      | Escaped the Abyss
   433 | D:1      | Reached XP level 2. HP: 24/24 MP: 3/3
   470 | D:1      | Reached * piety under Lugonu
   795 | D:1      | Reached XP level 3. HP: 19/29 MP: 4/4
  1724 | D:2      | Reached XP level 4. HP: 37/37 MP: 5/5
  2620 | D:3      | Reached ** piety under Lugonu
  2623 | D:3      | Reached XP level 5. HP: 32/42 MP: 6/6
  2801 | D:3      | Found a shadowy altar of Dithmenos.
  3347 | D:3      | You fall into a shaft and drop 3 floors!
  3383 | D:5      | Entered Level 5 of the Dungeon
  3687 | D:5      | Found a burning altar of Makhleb.
  3687 | D:5      | Found a glowing silver altar of Zin.
  3688 | D:5      | Noticed an angel
  3688 | D:5      | Noticed an Executioner
  3725 | D:5      | Noticed an ogre
  3743 | D:5      | Slain by an ogre

Levels and vault maps discovered:
D:1:      saegor_arrival_simple_c, layout_basic, minmay_misc_feat_square
D:2:      layout_basic, trog_butcher_becter
D:3:      lemuel_upstairs_altar, layout_basic, grunt_dithmenos_smoke,
          wad_floor_pattern_2, fedhas_altar_fruit_tree
D:5:      layout_loops_ring, grunt_temple_overflow_order_and_chaos_2,
          gammafunk_temple_overflow_pools, first_ration, minmay_mini_ossuary
D:6:      layout_gridville, lemuel_coloured_pillars_altar,
          nicolae_overflow_crystal_walls, basic_altar

Skill      XL: |  1  2  3  4  5 |
---------------+----------------+-----
Long Blades    | 3 4 |  4.0
Fighting       | 4 |  4.2
Armour         | 3 |  3.3
Dodging        | |  0.8
Invocations    | |  2.1

Action                   |  1- 3 |  4- 6 || total
-------------------------+-------+-------++-------
Melee: Falchion          |   114 |    94 ||   208
Invok: Depart the Abyss  |     1 |       ||     1
  Use: Potion            |       |     1 ||     1
  Eat: Chunk             |     3 |     2 ||     5
       Ration            |       |     1 ||     1
Armor: Leather armour    |    11 |       ||    11
       Ring mail         |    29 |    20 ||    49
       Scale mail        |       |    15 ||    15
       Chain mail        |       |     7 ||     7
Dodge: Dodged            |   109 |    47 ||   156
       Rpst.: Falchion   |    35 |    18 ||    53
